 Dungeon Crawl Stone Soup version 0.23.1 (webtiles) character file.

Game seed: 17257955954948423911

39 PentaManta the Vandal (level 3, -7/22 HPs)
             Began as a Halfling Arcane Marksman on Mar 12, 2019.
             Killed from afar by Natasha (9 damage)
             ... with a magic dart
             ... on level 2 of the Dungeon.
             The game lasted 00:01:30 (1458 turns).

PentaManta the Vandal (Halfling Arcane Marksman)    Turns: 1458, Time: 00:01:31

Health: -7/22      AC:  2    Str: 12    XL:     3   Next: 67%
Magic:  4/4        EV: 15    Int: 11    God:
Gold:   75         SH:  0    Dex: 14    Spells: 3/4 levels left

rFire    . . .     SeeInvis .   a - +0 hunting sling
rCold    . . .     Gourm    .   (shield restricted)
rNeg     . . .     Faith    .   e - +0 robe
rPois    .         Spirit   .   (no helmet)
rElec    .         Reflect  .   (no cloak)
rCorr    .         Harm     .   (no gloves)
MR       .....                  (no boots)
Stlth    +.........             (no amulet)
HPRegen  0.07/turn              (no ring)
MPRegen  0.09/turn              (no ring)

@: no status effects
A: small, mutation resistance 1
a: no special abilities


You were on level 2 of the Dungeon.
You were very hungry.

You visited 1 branch of the dungeon, and saw 2 of its levels.

You collected 75 gold pieces.

Inventory:

Hand Weapons
 a - a +0 hunting sling (weapon)
Missiles
 d - 7 sling bullets (quivered)
Armour
 e - a +0 robe (worn)
Jewellery
 c - an uncursed ring of see invisible {unknown}
 l - a cursed -3 ring of evasion {unknown}
Scrolls
 b - 2 scrolls of enchant armour {unknown}
 j - 2 scrolls of teleportation {unknown}
 n - a scroll of fear {unknown}
 o - a scroll of remove curse {unknown}
Potions
 g - a potion of agility {unknown}
 h - a potion of brilliance {unknown}
 i - a potion of flight {unknown}
 k - a potion of curing {unknown}
 m - a potion of invisibility {unknown}
Comestibles
 f - 7 rations


   Skills:
 - Level 0.8 Fighting
 * Level 4.8 Slings
 + Level 2.9 Dodging
 - Level 1.0 Spellcasting
 - Level 2.4 Hexes


You had 3 spell levels left.
You knew the following spells:

 Your Spells              Type           Power        Failure   Level  Hunger
a - Corona                Hex            #......      12%         1    ##.....

Your spell library contained the following spells:

 Spells                   Type           Power        Failure   Level  Hunger
 Slow                     Hex            #.......     19%         2    ###....
 Inner Flame              Hex/Fire       #.......     52%         3    ####...
 Portal Projectile        Hex/Tloc       #.....       52%         3    ####...
 Cause Fear               Hex            #.........   77%         4    #####..
 Leda's Liquefaction      Hex/Erth       #.........   89%         4    #####..


Dungeon Overview and Level Annotations

Branches:
Dungeon (2/15)

Altars:
Kikubaaqudgha
Qazlal
Trog
The Shining One

Annotations:
D:2 Natasha


Innate Abilities, Weirdness & Mutations

You are small and have problems with some larger weapons.
You are somewhat resistant to further mutation.


Message History

Press: ? - help, Shift-Dir - straight line, f - Natasha
Aim: Natasha (hasn't noticed you)
You shoot a sling bullet.
Natasha hisses angrily.
The sling bullet hits Natasha.
Natasha is moderately wounded.
Natasha casts a spell at you. You resist with significant effort.
Firing (i - inventory)
d - 8 sling bullets (quivered)
Press: ? - help, Shift-Dir - straight line, f/p - Natasha
Aim: Natasha (moderately wounded)
You shoot a sling bullet.
The sling bullet closely misses Natasha.
Natasha stares at you and mumbles some strange words.
The magic dart hits you!
Ouch! That really hurt!
* * * LOW HITPOINT WARNING * * *
Natasha stares at you and mumbles some strange words.
The magic dart hits you!
You die...

#.# #..... #####
#.#######.##
.####...####.......#.##
.............####.##'##
####...####.# #.....#
#...# #.# #.....# #...#
#.####.....# #...#
#.#..(.....#
#.@.####.#.###....#
####(h...........##
#(#####.########
(#........#....
.#####.##.#.### h#
.....#.#.###
(#.............
.########.#.### ...#.#


You could see Natasha.

Vanquished Creatures
  Natasha (D:2)
  A worm (D:2)
  A giant cockroach (D:1)
  3 goblins
  2 kobolds
  A bat (D:1)
  A frilled lizard (D:1)
  2 rats
12 creatures vanquished.

Notes
Turn   | Place    | Note
-------+----------+-------------------------------------------
     0 | D:1      | PentaManta the Halfling Arcane Marksman began the quest for
                  | the Orb.
     0 | D:1      | Reached XP level 1. HP: 12/12 MP: 2/2
   359 | D:1      | Reached XP level 2. HP: 18/18 MP: 3/3
   500 | D:1      | Found a glowing golden altar of the Shining One.
  1029 | D:2      | Found a bloodstained altar of Trog.
  1029 | D:2      | Found an ancient bone altar of Kikubaaqudgha.
  1109 | D:2      | Reached skill level 4 in Slings
  1152 | D:2      | Found a stormy altar of Qazlal.
  1367 | D:2      | Noticed Natasha
  1373 | D:2      | Killed Natasha
  1373 | D:2      | Reached XP level 3. HP: 7/22 MP: 4/4
  1451 | D:2      | Noticed Natasha
  1458 | D:2      | Killed from afar by Natasha

Skill      XL: |  1  2 |
---------------+-------+-----
Slings         | 4 |  4.8
Fighting       | |  0.8
Dodging        | |  2.9
Spellcasting   | |  1.0
Hexes          | |  2.4

Action                   || total
-------------------------++-------
 Fire: Hunting sling     ||    41
Dodge: Dodged            ||     5
